[Event "*** Titled Tuesday Blitz"]
[Site "Chess.com"]
[Date "2019.10.01"]
[Round "10"]
[White "13MiRacLe"]
[Black "ckgchess"]
[Result "0-1"]
[WhiteElo "2512"]
[BlackElo "2700"]
[TimeControl "180+2"]
[EndTime "15:28:00 PDT"]
[Termination "ckgchess won by checkmate"]

1. e4 c5 2. Nf3 d6 3. d4 cxd4 4. Nxd4 Nf6 5. Nc3 a6 6. Be2 e5 7. Nb3 Be7 8. Be3 O-O 9. g4 b5 10. g5 Nfd7 11. Qd5 b4 12. Na4 Qc7 13. Na5 Bd8 14.
Qxa8 Qxa5 15. b3 Qc7 16. Qd5 Kh8 17. O-O-O Be7 18. h4 Bb7 19. Qd3 f5 20. gxf6 Nxf6 21. f3 d5 22. exd5 Nxd5 23. Bd2 Nd7 24. Rhg1 Rc8 25.
Kb1 a5 26. Rc1 Nf4 27. Qe3 Bc6 28. Bd3 Bxa4 29. bxa4 Bc5 30. Qe4 Nf6 31. Qf5 Bxg1 32. Rxg1 Nxd3 33. Qxd3 Rd8 34. Qe2 Qd7 35. Bg5 Nd5 36.
Qxe5 Nc3+ 37. Kb2 Re8 38. Qxa5 Qd4 39. Rg4 Nd1+ 40. Kc1 Qa1+ 41. Kd2 Qc3+ 42. Kc1 Nf2 43. Qb5 Re1# 0-1

[Event "*** Titled Tuesday Blitz"]
[Site "Chess.com"]
[Date "2019.10.01"]
[Round "10"]
[White "vugarrasulov"]
[Black "DanielNaroditsky"]
[Result "0-1"]
[WhiteElo "2894"]
[BlackElo "3025"]
[TimeControl "180+2"]
[EndTime "15:28:04 PDT"]
[Termination "DanielNaroditsky won by resignation"]

1. d4 Nf6 2. c4 g6 3. Nc3 Bg7 4.
e4 d6 5. Be2 O-O 6. Be3 Na6 7. g4 e5 8. d5 Nc5 9. Bf3 a5 10. h4 c6 11. h5 Qb6 12. b3 Qb4 13. Bd2 Qb6 14. Be3 cxd5 15. cxd5 Qb4 16. Bd2 Nd3+ 17. Kf1 Qd4 18. Rh2 Nf4 19. h6 Bh8 20. Bxf4 Qxd1+ 21. Rxd1 exf4 22. g5 Ng4 23. Bxg4 Bxg4 24. f3 Bd7 25. Rc2 f6 26. gxf6 Bxf6 27. Na4 Rac8 28. Rdc1 Rxc2 29. Rxc2 Bd8 30. Ne2 g5 31.
Nd4 Kf7 32. Nc3 Bf6 33. Ncb5 Bxb5+ 34. Nxb5 Be5 35. Rc7+ Kg6 36. Rxb7 Kxh6 37. Re7 g4 38. fxg4 Kg5 39. Nc7 Kxg4 40. Rxh7 f3 41. Ne6 Rc8 42. Rc7 Rh8 43. Rf7 Kg3 44. Ke1 Rh1+ 45. Kd2 f2 46. Nd8 Bf4+ 0-1

[Event "*** Titled Tuesday Blitz"]
[Site "Chess.com"]
[Date "2019.10.01"]
[Round "10"]
[White "Leonid_Starozhilov"]
[Black "IvanRadivojevic"]
[Result "1-0"]
[WhiteElo "2689"]
[BlackElo "2493"]
[TimeControl "180+2"]
[EndTime "15:28:07 PDT"]
[Termination "Leonid_Starozhilov won by resignation"]

1. Nf3 d6 2. e4 Nf6 3. Nc3 Bg4 4. Bc4 Nbd7 5. O-O Bxf3 6. Qxf3 Ne5 7. Qe2 Nxc4 8. Qxc4 c6 9. d4 g6 10. e5 d5 11. Qb3 Nd7 12. Qxb7 Qc8 13. Qxc8+ Rxc8 14. Na4 e6 15. c3 c5 16. Be3 Be7 17. Rfd1 c4 18.
b4 Nb8 19. Nc5 Bxc5 20. dxc5 Kd7 21. a4 Nc6 22. b5 Nxe5 23. c6+ Kd6 24. Bxa7 Nd3 25.
Be3 Rb8 26. Rdb1 f5 27. a5 f4 28. Ba7 Ra8 29. b6 Kxc6 30. b7 Rxa7 31. b8=Q Rxb8 32.
Rxb8 e5 33. Kf1 d4 34. Rc8+ Kd5 35. Rd8+ Kc5 36. Rc8+ Kd5 37. cxd4 exd4 38. Rd8+ Kc5 39. Ke2 Nb4 40. Rc8+ Kd5 41. Rd8+ Kc5 42. Rc8+ Kd5 43.
Rd8+ Ke5 44. Ra4 Nc6 45. Re8+ Kd5 46. a6 Rd7 47. Kd2 Kc5 48. Rc8 Kb5 49. Rxc6 Kxc6 50. a7 c3+ 51. Kd3 1-0

[Event "*** Titled Tuesday Blitz"]
[Site "Chess.com"]
[Date "2019.10.01"]
[Round "10"]
[White "przemekpiotrowski"]
[Black "LastHeroJr"]
[Result "0-1"]
[WhiteElo "2417"]
[BlackElo "2536"]
[TimeControl "180+2"]
[EndTime "15:28:07 PDT"]
[Termination "LastHeroJr won by resignation"]

1. d4 Nf6 2. Nf3 g6 3. g3 Bg7 4. Bg2 O-O 5. O-O d6 6. c4 Nbd7 7. Nc3 e5 8. e4 exd4 9. Nxd4 Re8 10. Re1 a6 11. b3 Nc5 12. Bb2 Bg4 13. f3 Bd7 14. Qd2 Rb8 15. b4 Ne6 16. Nd5 c6 17.
Nxe6 Bxe6 18. Ne3 Qb6 19. Bd4 Nxe4 20. Bxb6 Nxd2 21. Rac1 d5 22. cxd5 cxd5 23. Red1 Nc4 24. Ba7 Rbd8 25. Kf2 Nxe3 26. Bxe3 d4 27. Bg5 f6 28.
Bf4 Bxa2 29. Rc7 b5 30. Bc1 Bc4 31. Bf1 d3 32. Bb2 Rd6 33. Rd2 Red8 34. Bc3 R6d7 35. Rc6 Rd6 36. Rc7 R8d7 37. Rc8+ Kf7 38. f4 f5 39. Bxg7 Kxg7 40. Bg2 Re7 41. Bf3 Rde6 42. Rd8 Re1 43. Rd6 Ra1 44. Bd5 Ra4 45. Bxc4 bxc4 46.
Rb6 Rc7 47. b5 c3 48. Rxd3 c2 49. Rc6 Rxc6 50. Rd7+ Kf6 51. bxc6 c1=Q 0-1

[Event "*** Titled Tuesday Blitz"]
[Site "Chess.com"]
[Date "2019.10.01"]
[Round "10"]
[White "platy3"]
[Black "FairChess_on_YouTube"]
[Result "1-0"]
[WhiteElo "2867"]
[BlackElo "2969"]
[TimeControl "180+2"]
[EndTime "15:28:10 PDT"]
[Termination "platy3 won by resignation"]

1. e4 c5 2. Nf3 Nc6 3. d4 cxd4 4. Nxd4 Qb6 5. Nb3 Nf6 6. Nc3 e6 7. Qe2 Qc7 8. f4 Bb4 9. Bd2 Bxc3 10. bxc3 d5 11. exd5 Nxd5 12. g3 O-O 13. c4 Ndb4 14. Bc3 e5 15. a3 Na6 16. O-O-O exf4 17. gxf4 Qxf4+ 18. Kb2 Bg4 19. Qg2 Qf3 20. Rg1 Qxg2 21. Rxg2 h5 22. h3 Bxd1 23. Rxg7+ Kh8 24. Rxf7+ Kg8 25.
Rg7+ Kh8 26. Bd3 Rfe8 27. Rg5+ Ne5 28. Bxe5+ Rxe5 29. Rxe5 Kg7 30. Re7+ Kf6 31. Rxb7 Bf3 32. Rb5 Rf8 33. Rf5+ Ke7 34. Ra5 Nb8 35. Rxa7+ Kf6 36. Nd4 Ke5 37. Nxf3+ Rxf3 38. Ra5+ Kd4 39. Rd5+ Ke3 40.
Rxh5 Nc6 41. Kc3 Rg3 42. h4 Rg1 43. Rh8 Ne5 44. Re8 Kf4 45. h5 Ra1 46. h6 Rxa3+ 47.
Kd4 Nf3+ 48. Kc5 Ra5+ 49. Kb4 Rh5 50. h7 Ne5 1-0

[Event "*** Titled Tuesday Blitz"]
[Site "Chess.com"]
[Date "2019.10.01"]
[Round "10"]
[White "vovachesss"]
[Black "kreonx"]
[Result "1-0"]
[WhiteElo "2524"]
[BlackElo "2285"]
[TimeControl "180+2"]
[EndTime "15:28:10 PDT"]
[Termination "vovachesss won by resignation"]

1. f4 c6 2. Nf3 d5 3. g3 g6 4. Bg2 Bg7 5. O-O Nf6 6. d3 O-O 7.
c3 Nbd7 8. Qc2 Re8 9. e4 dxe4 10. dxe4 e5 11. Nbd2 Qb6+ 12. Kh1 exf4 13. gxf4 Ng4 14. Nc4 Qc5 15. b3 b5 16. Ba3 Qh5 17. Nd6 Rd8 18. Rae1 Ndf6 19. c4 b4 20. Bxb4 c5 21. Nxc8 Raxc8 22. Ba5 Rd7 23. e5 Ne8 24. h3 Nc7 25.
Bxc7 Rcxc7 26. Ng5 Rd4 27. Qe2 Nh6 28. Qxh5 gxh5 29.
f5 Rd2 30. f6 Bf8 31. Bd5 Rd7 32. Rg1 Kh8 33. e6 fxe6 34. Nxe6 Bd6 35. Rg2 Rd3 36.
Ng5 Rd8 37. Kg1 Bf4 38. Nf7+ Nxf7 39. Bxf7 Be3+ 40. Kh2 Rf8 41. Bd5 h6 42. f7 Bf4+ 43. Kg1 Be3+ 44. Rxe3 Rxe3 45. Rg8+ Kh7 46. Rxf8 1-0

[Event "*** Titled Tuesday Blitz"]
[Site "Chess.com"]
[Date "2019.10.01"]
[Round "10"]
[White "SanchezKelvin"]
[Black "Orest_Vovk"]
[Result "0-1"]
[WhiteElo "2516"]
[BlackElo "2427"]
[TimeControl "180+2"]
[EndTime "15:28:16 PDT"]
[Termination "Orest_Vovk won on time"]

1. d4 d5 2. c4 Bf5 3. Nc3 e6 4. cxd5 exd5 5. Qb3 Nc6 6. e4 Bxe4 7. Qxb7 Nxd4 8. Nxe4 dxe4 9. Qxe4+ Qe7 10. Bd3 Qxe4+ 11. Bxe4 Bb4+ 12. Kf1 O-O-O 13. Be3 Nf6 14. Bd3 Kb8 15.
Ne2 Nf3 16. Bc2 Nd2+ 17. Kg1 Nc4 18. Bd4 Rhe8 19. Bd3 Rxe2 20. Bxc4 Rd2 21. Be3 Rd1+ 22. Rxd1 Rxd1+ 23. Bf1 Ne4 24. g3 Bd2 25. Bd4 Be1 26.
Be3 Bd2 27. Bd4 f6 28. Kg2 Ba5 29. Be3 Bb6 30. Bc4 Rxh1 31. Kxh1 Nxf2+ 32. Bxf2 Bxf2 33. Kg2 Bd4 34. b3 c6 35. Kf3 Kc7 36. Bd3 h6 37. h4 Kd6 38. Bc4 Kc5 39. Ke4 Bf2 40.
Kf3 Be1 41. h5 Kb4 42. g4 Ka3 43. Ke4 Kxa2 44. Kf5 Ka3 45. Ke6 Kb4 46. Kf7 Bd2 0-1

[Event "*** Titled Tuesday Blitz"]
[Site "Chess.com"]
[Date "2019.10.01"]
[Round "10"]
[White "aa175"]
[Black "brendan174"]
[Result "1/2-1/2"]
[WhiteElo "2297"]
[BlackElo "2133"]
[TimeControl "180+2"]
[EndTime "15:28:17 PDT"]
[Termination "Game drawn by agreement"]

1. d4 Nf6 2. Bf4 d5 3. e3 c5 4. Nf3 Nc6 5. Nbd2 e6 6. c3 Bd6 7. Bg3 O-O 8. Bd3 b6 9. e4 dxe4 10. Nxe4 Nxe4 11. Bxe4 Bb7 12. dxc5 Bxc5 13. Qa4 Rc8 14.
Rd1 Qe7 15. b4 Nxb4 16. Bxb7 Qxb7 17. cxb4 Qe4+ 18. Kf1 Rfd8 19. Nd2 Qxb4 20. Qxb4 Bxb4 21. Ke2 Rc2 22. Bf4 Rxa2 23. Ra1 Raxd2+ 24. Bxd2 Rxd2+ 25. Ke3 a5 26. Rhd1 Rxd1 27. Rxd1 Kf8 28. Rd7 g6 29. Ke4 Kg7 30. g4 Bc5 31. f4 a4 32. Ra7 a3 33. Kd3 h5 34. g5 Kf8 35. Kc4 Ke8 36. Kb5 Bd6 37. Ra4 Bc5 38. Kc6 Kf8 39. h3 Kg7 40.
Ra7 Be3 41. Ra4 a2 42. Rxa2 Bxf4 43. h4 Bg3 44. Ra4 Bf2 45. Kd7 Bc5 46. Ke8 b5 47. Ra5 Bf2 48. Rxb5 Bxh4 49. Ke7 1/2-1/2

[Event "*** Titled Tuesday Blitz"]
[Site "Chess.com"]
[Date "2019.10.01"]
[Round "10"]
[White "Tonychess32"]
[Black "yuki_chess123"]
[Result "1-0"]
[WhiteElo "2419"]
[BlackElo "2195"]
[TimeControl "180+2"]
[EndTime "15:28:19 PDT"]
[Termination "Tonychess32 won by resignation"]

1. e4 g6 2. d4 Bg7 3. Nf3 c6 4. Nc3 d5 5. e5 Bg4 6. h3 Bxf3 7. Qxf3 e6 8. Be3 Nd7 9. g4 Ne7 10. O-O-O Qa5 11. Kb1 b5 12. h4 b4 13. Ne2 c5 14. h5 cxd4 15. Bxd4 Nc6 16. hxg6 hxg6 17. Rxh8+ Bxh8 18. Qh3 O-O-O 19. f4 g5 20. Bg1 gxf4 21. Nxf4 Ndxe5 22. g5 Nc4 23. Bxc4 dxc4 24. Rxd8+ Qxd8 25. Qf3 Kc7 26. Bh2 Be5 27. a3 Nd4 28. Qe4 Nc6 29.
Nxe6+ fxe6 30. Bxe5+ Kb6 31. Qe3+ Kb5 32. a4+ Kxa4 33.
b3+ Kb5 34. bxc4+ Ka6 35. Bf6 Qd1+ 36. Kb2 Qg4 37. Qb3 Na5 38. Qa4 Qxc4 39. Qe8 b3 40. c3 Qe2+ 41. Ka3 Qc4 42. Qd7 Qc5+ 43. Kb2 Qb5 44. Qxb5+ Kxb5 45. g6 Ka4 46. g7 Nc4+ 47. Kb1 Ka3 48. Bg5 1-0

[Event "*** Titled Tuesday Blitz"]
[Site "Chess.com"]
[Date "2019.10.01"]
[Round "10"]
[White "kosmeg"]
[Black "Alex_Terzi"]
[Result "0-1"]
[WhiteElo "2494"]
[BlackElo "2627"]
[TimeControl "180+2"]
[EndTime "15:28:23 PDT"]
[Termination "Alex_Terzi won by resignation"]

1. d4 Nf6 2. c4 c5 3. Nf3 cxd4 4.
Nxd4 Nc6 5. Nc3 g6 6. e3 Bg7 7. Be2 O-O 8. O-O d6 9. b3 Qa5 10. Bb2 Bd7 11. Qd2 Rfc8 12. Rfd1 a6 13. Nxc6 Bxc6 14.
Rac1 b5 15. Nd5 Qxd2 16. Nxf6+ Bxf6 17. Rxd2 Bxb2 18. Rxb2 Bd7 19. Rd2 Rc7 20. Rcd1 Rac8 21. f4 Rc5 22. Kf2 b4 23. Rd5 Rxd5 24. Rxd5 Rc5 25. e4 Bc6 26. Rxc5 dxc5 27. Bf3 a5 28. e5 Bd7 29. g4 Kg7 30. Ke3 f6 31. exf6+ exf6 32. g5 Kf7 33. Bd5+ Ke7 34. h4 Bg4 35. Bf3 Be6 36. Be4 Bd7 37. Bd5 a4 38. Be4 a3 39.
Bd5 Ba4 40. h5 Bxb3 41. f5 gxh5 42. g6 hxg6 43. fxg6 Kf8 44. Kf4 Bxa2 45. Kf5 Kg7 46. Ke6 Bb1 0-1

[Event "*** Titled Tuesday Blitz"]
[Site "Chess.com"]
[Date "2019.10.01"]
[Round "10"]
[White "BlueWizzard"]
[Black "Grandmaster1369"]
[Result "0-1"]
[WhiteElo "2845"]
[BlackElo "2721"]
[TimeControl "180+2"]
[EndTime "15:28:27 PDT"]
[Termination "Grandmaster1369 won by resignation"]

1. e4 c5 2. Nc3 a6 3. Nf3 e6 4. a4 b6 5. d4 cxd4 6. Nxd4 Bb7 7. Be3 Qc7 8. Qd2 Nf6 9. f3 Bb4 10. O-O-O d5 11. e5 Nfd7 12. f4 Nc5 13. Kb1 Nc6 14. Nxc6 Qxc6 15. Qd4 Bxc3 16. Qxc3 Nxa4 17.
Qb4 Rc8 18. Rc1 Nc5 19. h4 O-O 20. h5 a5 21. Qd4 Qa4 22. h6 Qxd4 23. Bxd4 g6 24.
g4 Rc7 25. Rg1 Bc8 26. Bh3 b5 27. f5 Ne4 28. Rcd1 Rc4 29. Rd3 Bd7 30. Rf1 Rfc8 31. c3 b4 32. fxg6 fxg6 33. cxb4 Rxb4 34. Bg2 Bb5 35. Rdd1 Bxf1 36. Bxf1 Rf8 37. Ba6 Rf4 38. Ka1 Ra4+ 39. Kb1 Nd2+ 40. Rxd2 Rfxd4 41. Rf2 Rf4 42. Rc2 Rf8 43. Rc7 Rxg4 44. Bc8 Rh4 45. Bxe6+ Kh8 46. Bxd5 Rxh6 47. e6 Re8 48. Rf7 Rh5 49. Bc4 Re5 50. Kc2 R5xe6 51. Bxe6 Rxe6 52. Ra7 Re5 53. Kd3 Rf5 54. Ke4 h5 55. Rd7 Kg8 56. Rc7 h4 57. Rb7 h3 58. Rb3 h2 59. Rh3 Rh5 0-1

[Event "*** Titled Tuesday Blitz"]
[Site "Chess.com"]
[Date "2019.10.01"]
[Round "10"]
[White "Spalir"]
[Black "Micki-taryan"]
[Result "1-0"]
[WhiteElo "2847"]
[BlackElo "2951"]
[TimeControl "180+2"]
[EndTime "15:28:39 PDT"]
[Termination "Spalir won by checkmate"]

1. d4 Nf6 2. c4 e6 3. Nf3 b6 4. a3 Ba6 5. Qb3 Nc6 6. Qc2 Bb7 7.
e4 d6 8. Nc3 Be7 9. Bd3 e5 10.
d5 Nb8 11. O-O O-O 12. b4 Nbd7 13. Be3 Ng4 14. Bd2 g6 15. h3 Ngf6 16. Bh6 Re8 17. Be3 Nh5 18. Rfc1 a5 19. Na4 Nf4 20. Bf1 c6 21.
dxc6 Bxc6 22. Nc3 Rc8 23. Rd1 Qc7 24. Qb2 Qb7 25. Nd2 Qa8 26. Rac1 h5 27. Nd5 Bxd5 28.
cxd5 Rxc1 29. Rxc1 Rc8 30. Rxc8+ Qxc8 31. g3 axb4 32. axb4 g5 33. Nc4 Ng6 34. Nxb6 Nxb6 35. Bxb6 h4 36. Be3 hxg3 37. fxg3 g4 38. h4 f5 39. exf5 Qxf5 40. b5 Bxh4 41. gxh4 Nxh4 42. Qf2 Nf3+ 43. Kg2 Qe4 44. Kg3 Qxd5 45. b6 e4 46. Bf4 Nd4 47. Be2 Nf5+ 48. Kh2 e3 49. Qg2 Qd2 50. Qxg4+ Kh8 51. b7 Qb2 52. b8=Q+ Qxb8 53.
Qxf5 Qb2 54. Qf8+ Kh7 55. Qe7+ Kg8 56. Qxe3 d5 57. Qe6+ Kf8 58. Bd6+ Kg7 59. Be5+ Kh7 60. Bxb2 d4 61. Bd3+ Kh8 62. Bxd4# 1-0

[Event "*** Titled Tuesday Blitz"]
[Site "Chess.com"]
[Date "2019.10.01"]
[Round "10"]
[White "Grebeniuk-S"]
[Black "RitvarsReimanis"]
[Result "0-1"]
[WhiteElo "2484"]
[BlackElo "2585"]
[TimeControl "180+2"]
[EndTime "15:28:39 PDT"]
[Termination "RitvarsReimanis won by resignation"]

1. Nf3 Nf6 2. d4 e6 3. e3 d5 4. Bd3 c5 5. c3 Nc6 6. Nbd2 Be7 7. O-O O-O 8. dxc5 Bxc5 9. e4 e5 10. Qe2 d4 11. Nb3 Bb6 12. cxd4 Nxd4 13. Nbxd4 Bxd4 14. Nxd4 Qxd4 15. Be3 Qb4 16. a3 Qe7 17. Rac1 Rd8 18. Bc5 Qe8 19. f3 Nd7 20. Be3 Nf8 21. Bc4 Be6 22.
Bb5 Bd7 23. Bc4 Be6 24. Bb5 Bd7 25. Bxd7 Rxd7 26. Rfd1 a6 27. Rxd7 Qxd7 28. Qd2 Qxd2 29. Bxd2 Ne6 30. Be3 Kf8 31. Kf2 Ke7 32. g3 Rd8 33. f4 f6 34. f5 Nd4 35. Rc7+ Rd7 36. Rxd7+ Kxd7 37. Bxd4 exd4 38. Ke2 Kd6 39. Kd3 Ke5 40. b3 b6 41. a4 a5 42. h3 g6 43.
fxg6 hxg6 44. h4 f5 45. exf5 Kxf5 46. Kxd4 Kg4 47. Kc4 Kxg3 48. Kb5 Kxh4 49. Kxb6 g5 50. Kxa5 g4 51. b4 g3 52. b5 g2 53. Ka6 g1=Q 54. a5 Qf1 55. Kb6 Qf6+ 56. Kb7 Qe7+ 57. Ka6 Qe2 58.
Kb6 Qe6+ 59. Kb7 Qd5+ 60. Ka6 Qa8+ 61. Kb6 Kg5 62. a6 Kf6 63. a7 Ke6 64. Ka6 Kd6 65.
b6 Kc6 0-1

[Event "*** Titled Tuesday Blitz"]
[Site "Chess.com"]
[Date "2019.10.01"]
[Round "10"]
[White "kingofthenil"]
[Black "Taron_Shagbazyan"]
[Result "1-0"]
[WhiteElo "2579"]
[BlackElo "2721"]
[TimeControl "180+2"]
[EndTime "15:28:44 PDT"]
[Termination "kingofthenil won by checkmate"]

1. d4 Nf6 2. c4 e6 3. Nc3 Bb4 4. a3 Bxc3+ 5. bxc3 O-O 6. f3 d5 7. cxd5 Nxd5 8. e4 Nxc3 9. Qb3 Qxd4 10. Bb2 Qe3+ 11.
Be2 Nd5 12. Qxe3 Nxe3 13. Kf2 Nd5 14. exd5 exd5 15. Rc1 c6 16. h4 a5 17. h5 h6 18.
Bd3 Nd7 19. Ne2 Re8 20. g4 Ne5 21. Rhd1 Nxd3+ 22. Rxd3 Ra6 23. Bd4 Bd7 24. Rb1 b5 25. Rc3 f5 26. Nf4 fxg4 27. fxg4 Re4 28. Ne2 Bxg4 29.
Re3 Rxe3 30. Kxe3 Ra8 31. Ng3 Rf8 32. Rg1 Rf3+ 33. Kd2 Rxa3 34. Nf1 Bxh5 35. Rxg7+ Kf8 36. Rc7 Ra4 37. Bc5+ Ke8 38. Rxc6 Bf3 39. Rxh6 b4 40. Ne3 Ra2+ 41. Kc1 b3 42. Bd4 a4 43. Rb6 Be4 44. Rb7 Kd8 45. Be5 Re2 46. Ng4 Bf5 47. Rb8+ Ke7 48. Bf6+ Kf7 49. Rb7+ Ke8 50. Ne5 Rc2+ 51. Kd1 b2 52. Rb8+ Bc8 53. Kxc2 b1=Q+ 54. Kxb1 Kf8 55. Ka1 Kg8 56. Rxc8+ Kh7 57. Rh8# 1-0

[Event "*** Titled Tuesday Blitz"]
[Site "Chess.com"]
[Date "2019.10.01"]
[Round "10"]
[White "Olga_Ustinova"]
[Black "ChessQueen"]
[Result "1-0"]
[WhiteElo "2396"]
[BlackElo "2606"]
[TimeControl "180+2"]
[EndTime "15:28:47 PDT"]
[Termination "Olga_Ustinova won by resignation"]

1. d4 Nf6 2. Nf3 e6 3. Bf4 b6 4. e3 Bb7 5. Nbd2 c5 6. c3 Nc6 7.
Bd3 d5 8. O-O Bd6 9. Ne5 O-O 10.
Qf3 Ne7 11. Qh3 Bc8 12. Bg5 Ng6 13. f4 Qc7 14. Rf3 cxd4 15. exd4 Nd7 16. Qh5 Re8 17. Rh3 Ndf8 18. Ndf3 Bxe5 19. Nxe5 f5 20. Nxg6 hxg6 21. Qh8+ Kf7 22. Re1 a5 23. a3 Ba6 24. Bxa6 Rxa6 25.
Rhe3 b5 26. g4 Nd7 27. Qh4 Raa8 28. gxf5 exf5 29. Re7+ Rxe7 30. Rxe7+ Kg8 31. Qe1 Qd6 32. Re6 Qf8 33. Be7 Qf7 34. Bh4 Nf6 35. Bxf6 gxf6 36.
Re7 Qf8 37. Qe6+ Kh8 38. Rf7 Qd8 39. Rxf6 Qe8 40. Rxg6 Qxe6 41. Rxe6 b4 42. axb4 axb4 43. Re5 Ra1+ 44. Kf2 Ra2 45. cxb4 Rxb2+ 46. Kg3 Rb3+ 47. Kh4 Rxb4 48. Rxd5 Rb2 49. h3 Rd2 50. Rd7 Rg2 51. d5 Kg8 52. d6 Kf8 53. Ra7 Rd2 54. d7 Ke7 55. Kg5 Rh2 56. h4 Rh1 57. h5 Rh2 58. Kg6 Rd2 59. h6 Rg2+ 60. Kxf5 Rh2 61. h7 1-0

[Event "*** Titled Tuesday Blitz"]
[Site "Chess.com"]
[Date "2019.10.01"]
[Round "10"]
[White "Andrei_Belozerov"]
[Black "Mr_Sinigami"]
[Result "1/2-1/2"]
[WhiteElo "2530"]
[BlackElo "2421"]
[TimeControl "180+2"]
[EndTime "15:28:50 PDT"]
[Termination "Game drawn - insufficient material"]

1. e4 d5 2. exd5 Nf6 3. Nf3 Nxd5 4. d4 g6 5. c4 Nb6 6. Nc3 Bg7 7. c5 Nd5 8. Bc4 c6 9. Qb3 O-O 10. O-O Nxc3 11. bxc3 b5 12. cxb6 axb6 13. Re1 b5 14.
Bf1 Be6 15. Rxe6 fxe6 16. Qxe6+ Kh8 17. Bg5 Qd6 18. Qxd6 exd6 19. Be7 Re8 20. Bxd6 Nd7 21. Bd3 Re6 22. Bg3 Nb6 23. Ne5 Nd5 24. Be4 Nxc3 25. Bxc6 Rxa2 26. Rxa2 Nxa2 27. Bxb5 Rb6 28. Bf1 Rb1 29.
f3 Nc3 30. Kf2 Kg8 31. Bc4+ Kf8 32. Ke3 Ke7 33. Bh4+ Kd6 34. Nf7+ Kc6 35. Ne5+ Kd6 36. Bg3 Ke7 37. d5 Nb5 38. Nc6+ Kd7 39. Bf4 Nd6 40. Bd3 Rb3 41. g4 Bb2 42. Ke2 Bc3 43. Ne5+ Ke7 44. Bg5+ Ke8 45. Nc4 Kd7 46. Nxd6 Kxd6 47. Bc4 Rb2+ 48.
Kd3 Be5 49. f4 Bg7 50. h4 Rg2 51. f5 Rxg4 52. fxg6 hxg6 53. Bb3 Be5 54. Ke2 Rb4 55. Bc2 Bg3 56. Bxg6 Bxh4 57. Bxh4 Rxh4 58. Bf7 Rf4 59. Be6 Re4+ 60. Kd3 Rxe6 61. dxe6 Kxe6 1/2-1/2

[Event "*** Titled Tuesday Blitz"]
[Site "Chess.com"]
[Date "2019.10.01"]
[Round "10"]
[White "swayamsm"]
[Black "Sajkochess"]
[Result "1-0"]
[WhiteElo "2460"]
[BlackElo "2270"]
[TimeControl "180+2"]
[EndTime "15:28:59 PDT"]
[Termination "swayamsm won by resignation"]

1. d4 Nf6 2. Nf3 e6 3. Bf4 c5 4. e3 cxd4 5. Nxd4 a6 6. Nc3 Nc6 7. Bg3 d5 8. Be2 Bd6 9. O-O e5 10. Nxc6 bxc6 11. f4 e4 12. f5 Bxg3 13. hxg3 Qb6 14.
Qd4 Qxd4 15. exd4 Rb8 16. Na4 a5 17. b3 Ke7 18. Rac1 Kd6 19. g4 h6 20. Kf2 Bd7 21. Ke3 Rhf8 22. Nc5 g6 23. fxg6 fxg6 24. Rh1 Rh8 25. Rcf1 Rbf8 26. g5 Ng4+ 27. Bxg4 Bxg4 28. Rxf8 Rxf8 29. Rxh6 Bh5 30. g4 Bxg4 31. Rxg6+ Kc7 32. Rg7+ Kc8 33. Re7 Rf3+ 34. Kd2 Rf2+ 35. Kc3 Bd1 36. Kb2 Rxc2+ 37. Ka3 Rg2 38. Ne6 e3 39. Nf4 Rg4 40. g6 Rxf4 41. g7 Rg4 42. Re8+ Kd7 43. g8=Q Rxg8 44. Rxg8 e2 45. Rg1 Ke6 46. Kb2 Kf5 47. Kc3 Kf4 48. Kd2 Kf3 49. Ke1 Ke4 50.
Rg6 Kxd4 51. Rxc6 Ke3 52. Re6+ Kd3 53. Re5 d4 54. Rxa5 Kc3 55. Rc5+ Kb2 56. b4 d3 57. b5 Bc2 58. Kd2 e1=Q+ 59. Kxe1 Kc1 60. Rd5 Ba4 61. b6 Bc6 62. Rc5+ Kb2 63. Rxc6 d2+ 64. Kxd2 1-0

[Event "*** Titled Tuesday Blitz"]
[Site "Chess.com"]
[Date "2019.10.01"]
[Round "10"]
[White "MathiasWomacka"]
[Black "Alex_32167"]
[Result "0-1"]
[WhiteElo "2303"]
[BlackElo "2625"]
[TimeControl "180+2"]
[EndTime "15:29:00 PDT"]
[Termination "Alex_32167 won on time"]

1. e4 d5 2. exd5 Nf6 3. Nf3 Nxd5 4. d4 Bf5 5. Bd3 Bxd3 6. Qxd3 Nd7 7. O-O e6 8. c4 N5f6 9. Nc3 Bb4 10. Bg5 O-O 11.
Rad1 h6 12. Bh4 c6 13. Ne5 Qa5 14. f4 Bxc3 15. bxc3 c5 16. d5 Rad8 17. Nxd7 Rxd7 18. Bxf6 gxf6 19. f5 exd5 20. cxd5 c4 21. Qd4 Qb6 22. Qxb6 axb6 23. Rd4 Rfd8 24. Rfd1 b5 25. d6 Ra8 26.
R1d2 Ra6 27. Rd5 Ra3 28. Rc2 b6 29. Kf2 Kf8 30. Ke3 b4 31. Kd4 b3 32. axb3 cxb3 33.
Rb2 Ra2 34. Rxb3 Rd2+ 35. Kc4 Rxd6 36. Rxd6 Rxd6 37. Ra3 Rd2 38. Ra6 Rb2 39. g4 Kg7 40. h3 h5 41. gxh5 Kh6 42. Ra7 Kxh5 43. Rxf7 Kg5 44.
Rb7 Kxf5 45. Kd5 Kg5 46. Rg7+ Kf4 47. h4 f5 48. h5 Rh2 49. Rb7 Rxh5 50. Rxb6 Kf3 51.
Rf6 f4+ 52. Kd6 Ra5 53. c4 Ra6+ 54. Ke5 Rxf6 55. Kxf6 Ke4 56. c5 Kd5 57. Kf5 f3 0-1

[Event "*** Titled Tuesday Blitz"]
[Site "Chess.com"]
[Date "2019.10.01"]
[Round "10"]
[White "hypert"]
[Black "dmosesov"]
[Result "0-1"]
[WhiteElo "2435"]
[BlackElo "2545"]
[TimeControl "180+2"]
[EndTime "15:29:06 PDT"]
[Termination "dmosesov won by resignation"]

1. Nf3 Nf6 2. g3 b5 3. Bg2 Bb7 4. O-O g6 5. b3 Bg7 6. Bb2 O-O 7.
c4 b4 8. d3 d6 9. a3 a5 10.
axb4 axb4 11. Rxa8 Bxa8 12. Nbd2 e5 13. Qa1 Nbd7 14.
Qa7 Qb8 15. Ra1 Nc5 16. d4 exd4 17. Bxd4 Ne6 18. Bb2 Bc6 19. Ra2 h5 20. Ne1 Bxg2 21. Kxg2 Qc8 22. Nd3 h4 23. gxh4 Nf4+ 24. Nxf4 Qg4+ 25.
Kf1 Qxf4 26. Nf3 Qf5 27. Ra1 Re8 28. Qa2 Qh3+ 29. Kg1 Rxe2 30. Qa8+ Re8 31. Qc6 Qg4+ 32. Kf1 Qh3+ 33. Kg1 Rf8 34. Ra8 Qg4+ 35. Kf1 Qe4 36. Qxe4 Nxe4 37. Rxf8+ Kxf8 38. Bxg7+ Kxg7 39. Ke2 Kf6 40. Ke3 Nc5 41. Nd4 Kg7 42. Nc2 Nxb3 43. Nxb4 Na5 44.
Kd3 c6 45. Nc2 Nb3 46. Nb4 Na5 47. Nc2 f5 48. Nd4 Kf6 49. f4 c5 50. Ne2 Nc6 51. Ng3 Nb4+ 52. Ke3 d5 53. cxd5 Nxd5+ 54. Kf3 c4 55. h5 c3 56. Ke2 Nxf4+ 57. Ke3 Nxh5 58.
Ne2 f4+ 59. Kf3 c2 60. Nc1 g5 61. h3 Kf5 62. Nd3 Nf6 63. Ke2 Ke4 64. Nf2+ Kd4 65.
Kd2 Ne4+ 66. Nxe4 Kxe4 67. Kxc2 Kf3 68. Kd2 Kg3 69. Ke1 Kxh3 0-1

[Event "*** Titled Tuesday Blitz"]
[Site "Chess.com"]
[Date "2019.10.01"]
[Round "10"]
[White "VincentKeymer"]
[Black "Olga_Girya"]
[Result "1/2-1/2"]
[WhiteElo "2584"]
[BlackElo "2493"]
[TimeControl "180+2"]
[EndTime "15:29:13 PDT"]
[Termination "Game drawn - insufficient material"]

1. Nf3 d5 2. e3 Nf6 3. c4 c6 4.
Nc3 e6 5. b3 Bd6 6. Bb2 O-O 7.
Qc2 e5 8. cxd5 cxd5 9. Nb5 Nc6 10. Nxd6 Qxd6 11. Be2 Nb4 12. Qb1 Re8 13. a3 Nc6 14. O-O Bg4 15. h3 Bh5 16. Qd1 d4 17. Nxd4 Nxd4 18.
Bxh5 Nxh5 19. exd4 Nf4 20. dxe5 Qd5 21. Qg4 Nd3 22. Bc3 Nxe5 23. Qg3 Re6 24. Rae1 Rae8 25. f4 Ng6 26. Rxe6 fxe6 27. b4 Rf8 28. Qe3 b6 29. Kh2 Rf7 30. Rf2 Qd6 31. g3 Qd5 32. Re2 Nf8 33.
Qe4 Rd7 34. Qxd5 Rxd5 35. Kg2 Kf7 36. Kf3 g6 37. Re5 Rxe5 38. Bxe5 b5 39. Ke4 Nd7 40. d4 Nb6 41. g4 Nc4 42. d5 Nxa3 43. Bb8 a6 44.
dxe6+ Kxe6 45. f5+ gxf5+ 46. gxf5+ Kf7 47. Be5 Nc4 48. Bd4 a5 49. bxa5 Nxa5 50. Bc3 Nc6 51. Kd5 b4 52.
Bb2 Ne7+ 53. Ke4 Nc6 54. h4 h5 55. Ba1 Na5 56. Kd5 Nb3 57. Bb2 Nd2 58. Kc5 b3 59.
Kd5 Nf3 60. Kc4 Nxh4 61. Kxb3 Nxf5 62. Kc2 Kg6 63. Be5 Kg5 64. Kd2 Kg4 65. Ke2 Kh3 66.
Kf2 h4 67. Bf6 Kg4 68. Bxh4 1/2-1/2

[Event "*** Titled Tuesday Blitz"]
[Site "Chess.com"]
[Date "2019.10.01"]
[Round "10"]
[White "chess4life23"]
[Black "Marreuh"]
[Result "1-0"]
[WhiteElo "2381"]
[BlackElo "2100"]
[TimeControl "180+2"]
[EndTime "15:29:43 PDT"]
[Termination "chess4life23 won on time"]

1. d4 Nf6 2. c4 e6 3. Nf3 d5 4. Nc3 dxc4 5. e3 a6 6. a4 c5 7. Bxc4 Nc6 8. O-O cxd4 9. exd4 Be7 10. Bg5 O-O 11. Re1 Nb4 12. Qe2 Nfd5 13. Ne4 Bxg5 14. Nexg5 h6 15. Ne4 Nf6 16. Rad1 Bd7 17. Nc5 Bc6 18.
Ne5 Qc7 19. Nxf7 Rxf7 20. Nxe6 Qd6 21. d5 Bxa4 22. b3 Bb5 23. Nd4 Bxc4 24. bxc4 Re8 25.
Ne6 b5 26. Qf1 bxc4 27. Qxc4 Nbxd5 28. Nd4 Rxe1+ 29. Rxe1 Kh7 30. Nf5 Qc7 31. Qd3 Qc3 32. Qb1 g6 33. Ng3 Ng4 34. Rf1 Qc6 35. Ne4 Qe6 36. f3 Ngf6 37. Ng3 Qb6+ 38. Kh1 Qxb1 39. Rxb1 Ra7 40. Ne2 a5 41. Nd4 a4 42. Ra1 a3 43.
Nb5 Ra5 44. Nxa3 Nf4 45. Nc2 Rxa1+ 46. Nxa1 g5 47. Nc2 N6d5 48. Kg1 Kg6 49. Kf2 Kf5 50. g3 Nd3+ 51. Ke2 Ne5 52. Nd4+ Kf6 53. Kf2 Nb4 54. Ke3 Nd5+ 55. Ke4 Ne7 56. h3 N7c6 57. Ne2 Nd8 58. f4 gxf4 59. Nxf4 Ng6 60. Nd5+ Kg5 61.
Ne3 Nf7 62. h4+ Kf6 63. Ng4+ Kg7 64. Kf5 Ne7+ 65. Ke6 h5 66. Ne3 Ng6 67. Kf5 Kh6 68.
Nc4 1-0